 Dungeon Crawl Stone Soup version 0.27.1-34-g3ba077fa99 (webtiles) character file.

Game seed: 5908832028546455613

1671 MisterFreud the Basher (level 8, -10/78 HPs)
             Began as a Troll Berserker on Jan 30, 2022.
             Was an Elder of Trog.
             Killed from afar by a wretched star (24 damage)
             ... with a lance of force
             ... on level 2 of the Abyss.
             The game lasted 00:06:56 (6013 turns).

MisterFreud the Basher (Troll Berserker)            Turns: 6013, Time: 00:06:57

Health: -10/78     AC:  5    Str: 26      XL:     8   Next: 70%
Magic:  7/7        EV: 15    Int:  4      God:    Trog [****..]
Gold:   302        SH:  0    Dex: 14 (16) Spells: 7/7 levels left

rFire    . . .     SeeInvis .   y - +0 giant spiked club
rCold    . . .     Faith    .   (shield currently unavailable)
rNeg     . . .     Spirit   .   b - +0 animal skin
rPois    .         Reflect  .   (helmet restricted)
rElec    .         Harm     .   l - +0 cloak
rCorr    .         Rampage  .   (gloves unavailable)
Will     .....                  (boots unavailable)
Stlth    +.........             v - amulet of regeneration
HPRegen  2.23/turn              d - +6 ring of dexterity
MPRegen  0.10/turn              n - +4 ring of evasion

@: about to teleport
A: large, unfitting armour, claws 3, regeneration 1, shaggy fur 1, tough skin 1
a: Renounce Religion, Berserk, Trog's Hand, Brothers in Arms


You were on level 2 of the Abyss.
You worshipped Trog.
Trog was greatly pleased with you.
You visited 1 branch of the dungeon, and saw 8 of its levels.
You visited the Abyss 1 time.

You collected 398 gold pieces.
You spent 96 gold pieces at shops.

Inventory:

Hand Weapons
 a - a +0 mace
 y - a +0 giant spiked club (weapon)
Missiles
 f - 10 boomerangs (quivered)
 k - 61 poisoned darts
Armour
 b - a +0 animal skin (worn)
 l - a +0 cloak (worn)
Jewellery
 d - a +6 ring of dexterity (left claw)
 h - a ring of positive energy
 n - a +4 ring of evasion (right claw)
 o - a ring of ice
 v - an amulet of regeneration (around neck)
 z - an amulet of magic regeneration
 A - a ring of flight
 D - a ring of positive energy
Wands
 q - a wand of polymorph (8)
 r - a wand of charming (10)
 u - a wand of flame (18)
Scrolls
 c - a scroll of teleportation
 i - 2 scrolls of blinking
 p - a scroll of magic mapping {unknown}
 s - a scroll of noise {unknown}
 t - a scroll of brand weapon {unknown}
 C - a scroll of vulnerability {unknown}
 E - a scroll of acquirement {unknown}
 F - 4 scrolls of torment {unknown}
Potions
 e - 2 potions of might
 g - a potion of lignification
 j - a potion of haste {unknown}
 m - 3 potions of flight
 w - a potion of invisibility {unknown}
 x - a potion of resistance {unknown}
 B - a potion of degeneration {unknown}


   Skills:
 + Level 3.8 Fighting
 + Level 9.5 Maces & Flails
 + Level 3.8 Dodging


You had 7 spell levels left.
You didn't know any spells.
Your spell library was empty.

Dungeon Overview and Level Annotations

Branches:
Dungeon (8/15)             Temple (0/1) D:4
   Lair: D:8-11

Altars:
Ashenzari
Dithmenos
Gozag
Makhleb
Vehumet
Wu Jian
Yredelemnul
Zin

Shops:
D:5 (   D:7 *:

Annotations:
D:8 Psyche


Innate Abilities, Weirdness & Mutations

You are too large for most types of armour.
You have claws for hands.
Your natural rate of healing is unusually fast.
You are covered in fur. (AC +1)
You have tough skin. (AC +1)


Message History

The quasit bites you but does no damage.
The quasit barely misses you. x3; The quasit misses you.
The quasit claws you but does no damage.
You closely miss the quasit.
The quasit is heavily wounded.
The quasit bites you but does no damage.
The quasit closely misses you. The quasit claws you.
You miss the quasit.
The quasit is heavily wounded.
The quasit closely misses you. The quasit barely misses you.
The quasit misses you. The quasit bites you.
You feel clumsy.
The quasit claws you but does no damage.
The quasit barely misses you. The smoke demon gestures at you.
Something smites you! The smoke demon gestures at you.
The ball of steam hits you!!
You are engulfed in a cloud of scalding steam.
There is an open door here.
A wretched star comes into view.
The smoke demon gestures at you. The sticky flame hits you.
You are covered in liquid flames!
You are covered in liquid flames!
The wretched star glows turbulently.
The lance of force hits you!
* * * LOW HITPOINT WARNING * * *
You are knocked back by the lance of force.
You slam into the metal wall!
* * * LOW HITPOINT WARNING * * *
You feel much better.
You are covered in liquid flames!
The smoke demon gestures at you. The ball of steam hits you!!
* * * LOW HITPOINT WARNING * * *
A ynoxinul comes into view.
The wretched star glows turbulently.
The lance of force hits you!!
You die...

# ## ##.#.# .####
...#..# ....
...'...## ...#
#...§§§####'### #
#..§@§#.....#.###
##.§#§#.....#..#.
##§§.*3....3...#
# ##.§#5....#..#.
#. ##.#.4...#.. .
. ######'### ##.
.' .. ##§4... #
.# #. 5.###§§....
. #. . .###.....#
.


You could see a wretched star, a smoke demon and a quasit.

Vanquished Creatures
  2 ice beasts
  A necrophage (D:5)
  2 ogres (D:5)
  A bullfrog (D:7)
  A gnoll sergeant (D:7)
  A water moccasin skeleton (D:6)
  2 wights (D:8)
  An electric eel (D:8)
  2 bullfrog skeletons
  A bullfrog zombie (D:5)
  A centaur zombie (D:6)
  2 hounds
  3 jellies
  4 orc priests
  A gnoll shaman (D:8)
  3 iguanas
  3 orc wizards
  Natasha (thrice) (D:4)
  A hound zombie (D:5)
  A howler monkey zombie (D:7)
  13 gnolls
  5 adders
  A white imp (D:5)
  2 dart slugs
  13 orcs
  10 endoplasms
  2 giant cockroaches
  6 goblins
  4 hobgoblins
  4 jackals (D:1)
  5 quokkas
  8 ball pythons
  5 bats
  5 frilled lizards
  9 kobolds
  4 rats
132 creatures vanquished.

Vanquished Creatures (others)
  An orc (D:3)
1 creature vanquished.

Grand Total: 133 creatures vanquished

Notes
Turn   | Place    | Note
-------+----------+-------------------------------------------
     0 | D:1      | MisterFreud the Troll Berserker began the quest for the
                  | Orb.
     0 | D:1      | Reached XP level 1. HP: 22/22 MP: 0/0
   115 | D:1      | Reached skill level 3 in Maces & Flails
   143 | D:1      | Reached XP level 2. HP: 25/29 MP: 1/1
   325 | D:1      | Reached ** piety under Trog
   333 | D:1      | Found a faded altar of an unknown god.
   518 | D:1      | Reached XP level 3. HP: 36/36 MP: 2/2
   699 | D:2      | Reached skill level 4 in Maces & Flails
  1082 | D:3      | Reached XP level 4. HP: 42/44 MP: 3/3
  1111 | D:3      | Reached skill level 5 in Maces & Flails
  1115 | D:3      | Found a radiant altar of Vehumet.
  1167 | D:3      | Reached *** piety under Trog
  1200 | D:3      | Reached XP level 5. HP: 50/50 MP: 4/4
  1871 | D:3      | Found a burning altar of Makhleb.
  2024 | D:4      | Reached skill level 6 in Maces & Flails
  2030 | D:4      | Noticed Natasha
  2044 | D:4      | Killed Natasha
  2045 | D:4      | Reached XP level 6. HP: 52/59 MP: 5/5
  2225 | D:4      | Noticed Natasha
  2243 | D:4      | Killed Natasha
  2345 | D:4      | Found a staircase to the Ecumenical Temple.
  2390 | D:4      | Found a shadowy altar of Dithmenos.
  2398 | D:4      | Noticed Natasha
  2406 | D:4      | Killed Natasha
  2984 | D:5      | Entered Level 5 of the Dungeon
  3030 | D:5      | Reached skill level 7 in Maces & Flails
  3138 | D:5      | Noticed an ice beast
  3165 | D:5      | Killed an ice beast
  3166 | D:5      | Reached XP level 7. HP: 51/66 MP: 6/6
  3477 | D:5      | Found Edoug's Weapon Boutique.
  3497 | D:5      | Reached skill level 8 in Maces & Flails
  3501 | D:5      | Reached **** piety under Trog
  3651 | D:5      | Found a broken altar of Ashenzari.
  4018 | D:5      | Found an ornate altar of the Wu Jian Council.
  4421 | D:6      | Found a basalt altar of Yredelemnul.
  4533 | D:6      | Reached skill level 9 in Maces & Flails
  4533 | D:6      | Reached XP level 8. HP: 74/74 MP: 7/7
  5141 | D:7      | Found an opulent altar of Gozag.
  5142 | D:7      | Found a glowing silver altar of Zin.
  5344 | D:7      | Found Loag's Self-Improvement Boutique.
  5453 | D:7      | Found Anauczuvutt's General Store.
  5461 | D:7      | Bought a potion of heal wounds for 60 gold pieces
  5461 | D:7      | Bought a scroll of teleportation for 36 gold pieces
  5902 | D:8      | Noticed Psyche
  5915 | D:8      | Cast into level 2 of the Abyss (Psyche)
  5993 | Abyss:2  | Noticed a smoke demon
  5997 | Abyss:2  | Noticed an ice devil
  6007 | Abyss:2  | Noticed a wretched star
  6013 | Abyss:2  | Killed from afar by a wretched star

Illustrated notes

Levels and vault maps discovered:
D:1:      eino_arrival_cavern_c, layout_loops_ring,
          ebering_ecumenical_altar_sacrificial
D:2:      layout_rooms, minmay_quadrilaterals
D:3:      layout_loops_cross, bloody_makhleb, nicolae_overflow_crystal_walls,
          minivault_5, bh_walls_and_bars
D:4:      layout_layer_cave, grunt_dithmenos_smoke_and_mirrors,
          minmay_temple_entry_purple_smoke, uniq_natasha
D:5:      layout_layer_cave, general_overflow_altar,
          mainiacjoe_overflow_24_doors, serial_shops, shop
D:6:      layout_cave_pods, lemuel_doored_altar
D:7:      layout_gridville, grunt_temple_overflow_gold_and_silver, serial_shops,
          nicolae_square_shop, nicolae_shop_self_help
D:8:      cheibrodos_helix_gallery, layout_basic, trog_book, enter_bailey_3,
          lightli_orcish_oven, uniq_psyche
Abyss:2:  base: D:2, guppyfry_abyss_exit_imp_island, abyss_greek_temple

Skill      XL: |  1  2  3  4  5  6  7  8 |
---------------+-------------------------+-----
Maces & Flails | 3 4 5 6 7 9 |  9.5
Fighting       | 3 |  3.8
Dodging        | 3 |  3.8

Action                   |  1- 3 |  4- 6 |  7- 9 || total
-------------------------+-------+-------+-------++-------
Melee: Mace              |   147 |   185 |     3 ||   335
       Giant spiked club |       |       |   115 ||   115
Invok: Trog's Hand       |     1 |       |       ||     1
       Berserk           |       |     1 |     1 ||     2
Evoke: Wand              |       |       |     1 ||     1
  Use: Scroll            |     2 |     2 |     2 ||     6
       Potion            |       |       |     1 ||     1
 Stab: Distracted        |     1 |       |       ||     1
       Sleeping          |     1 |     1 |     1 ||     3
Armor: Animal skin       |    73 |    46 |    39 ||   158
Dodge: Dodged            |   102 |   133 |   154 ||   389
